 Dungeon Crawl Stone Soup version 0.31-a0-408-gb642c7f9a3 (webtiles) character file.

Game seed: 6112970923771506405

2063877 Zonian the Metallomancer (level 26, 354/354 HPs)
             Began as a Grey Draconian Shapeshifter on July 22, 2023.
             Was an Initiate of Gozag.
             Escaped with the Orb
             ... and 4 runes on July 29, 2023!
             The game lasted 04:32:20 (84868 turns).

Zonian the Metallomancer (DrSh)                    Turns: 84868, Time: 04:32:21

Health: 354/354    AC: 38    Str: 32    XL:     26   Next: 58%
Magic:  44/44      EV: 12    Int: 14    God:    Gozag
Gold:   4109       SH:  8    Dex: 16    Spells: 20/59 levels left

rFire   . .          .
                       - Unarmed
rCold   . . .        R - melded +2 buckler
rNeg    . . .        (body armour unavailable)
rPois   +            (helmet currently unavailable)
rElec   .            (cloak currently unavailable)
rCorr   .            (gloves currently unavailable)
SInv    .            (boots currently unavailable)
Will    +....        h - brooch of Shielding {Spirit SH+8}
Stlth   ++           x - ring of the Tortoise {AC+8}
HPRegen 1.59/turn    n - +4 ring of slaying
MPRegen 0.29/turn

%: guardian spirit
@: dragon-form, flying, studying 3 skills
A: dragon claw, dragon scales, flying, boosted hp, AC +17, amphibious, giant,
unfitting armour, (cold-blooded), (fangs 1), agile 1, regeneration 1, (cold
vulnerability 1)
0: Orb of Zot
}: 4/15 runes: decaying, serpentine, slimy, silver
a: Begin Untransformation, Renounce Religion, Potion Petition, Call Merchant,
Bribe Branch


You escaped.
You worshipped Gozag.
Gozag was most pleased with you.
You were a fearsome iron dragon!
You visited 11 branches of the dungeon, and saw 53 of its levels.
You visited the Abyss 4 times.
You visited 1 bazaar.
You also visited: Trove.

You collected 34217 gold pieces.
You spent 7299 gold pieces at shops.
You paid 22809 gold pieces to Gozag.

Inventory:

Hand Weapons
 p - a +7 trident of freezing
Missiles
 l - 2 throwing nets
 z - 43 boomerangs
 M - 29 curare-tipped darts
Armour
 R - a +2 buckler (melded)
Jewellery
 b - an amulet of magic regeneration
 c - the amulet of Xuroonk {RegenMP Str+3}
   (You found it in a treasure trove)

   [amulet of magic regeneration]

   It increases your rate of magic regeneration.
   Str:       It affects your strength (+3).
 d - an amulet of regeneration
 e - a ring of see invisible
 g - the ring of Feceewn {rElec rF+ Str+6 Int+6 Dex-3}
   (You found it on level 3 of the Realm of Zot)

   [ring of strength]

   Str:       It affects your strength (+6).
   Int:       It affects your intelligence (+6).
   Dex:       It affects your dexterity (-3).
   rF:        It protects you from fire.
   rElec:     It insulates you from electricity.
 h - the brooch of Shielding (around neck) {Spirit SH+8}
   (You found it on level 4 of the Realm of Zot)

   [amulet of guardian spirit]

   It causes incoming damage to be divided between your reserves of health and
   magic.
   SH:        It affects your SH (+8).
 i - the ring of Yryc Vuawa {Wiz +Blink rCorr}
   (You bought it in a shop on level 10 of the Dungeon)

   [ring of wizardry]

   It improves your spell success rate.
   +Blink:    It lets you blink.
   rCorr:     It protects you from acid and corrosion.
 n - a +4 ring of slaying (right foreclaw)
 r - the ring "Jytutag" {rF+ Str+6}
   (You bought it in a shop on level 10 of the Dungeon)

   [ring of protection from fire]

   Str:       It affects your strength (+6).
   rF:        It protects you from fire.
 x - the ring of the Tortoise (left foreclaw) {AC+8}
   (You bought it in a shop on level 10 of the Dungeon)

   [ring of protection]

   AC:        It affects your AC (+8).
 y - a ring of fire
 N - an amulet of guardian spirit
 O - an amulet of reflection
 W - the amulet of the Four Winds {rN+ Will+++ Clar}
   (You took it off a yaktaur captain on level 5 of the Vaults)

   [amulet of nothing]

   rN:        It protects you from negative energy.
   Clar:      It protects you from confusion, rage, mesmerisation and fear.
   Will:      It greatly increases your willpower.
 X - the amulet "Ecleoqas" {Faith rF+ MP+9 Dex+6}
   (You took it off a deep elf annihilator on level 3 of the Elven Halls)

   [amulet of faith]

   It allows you to gain divine favour quickly.
   Dex:       It affects your dexterity (+6).
   rF:        It protects you from fire.
   MP:        It affects your magic capacity (+9).
 Z - a ring of wizardry
Talismans
 F - a blade talisman
 S - a dragon-blood talisman
Wands
 t - a wand of quicksilver (7)
 u - a wand of iceblast (33)
 A - a wand of polymorph (4)
 E - a wand of mindburst (100)
 I - a wand of charming (57)
 U - a wand of digging (20)
Scrolls
 f - 5 scrolls of revelation
 m - 8 scrolls of teleportation
 H - 9 scrolls of fog
 J - 22 scrolls of identify
 L - 6 scrolls of fear
 P - 5 scrolls of silence
 Q - 7 scrolls of poison
 Y - 3 scrolls of blinking
Potions
 a - 3 potions of berserk rage
 j - 7 potions of enlightenment
 k - 2 potions of invisibility
 s - 9 potions of brilliance
 v - 2 potions of might
 C - 5 potions of resistance
 G - 8 potions of curing
 K - 5 potions of cancellation
 T - a potion of haste
Miscellaneous
 w - a phial of floods
 D - a tin of tremorstones (2/2)
 V - a lightning rod (4/4)


   Skills:
 - Level 19.2 Fighting
 - Level 9.1 Dodging
 - Level 10.3 Stealth
 - Level 15.1 Unarmed Combat
 + Level 17.4 Spellcasting
 + Level 16.7 Conjurations
 - Level 14.5 Necromancy
 - Level 7.0 Translocations
 - Level 12.1 Transmutations
 - Level 1.2 Air Magic
 + Level 24.9 Earth Magic
 - Level 8.0 Evocations
 - Level 16.5 Shapeshifting


You had 20 spell levels left.
You knew the following spells:

 Your Spells              Type           Power      Damage    Failure   Level
a - Blink                 Tloc           62%        N/A       1%          2
b - Vhi's Electric Charg  Tloc/Air       46%        N/A       2%          3
c - Borgnjor's Vile Clut  Necr/Erth      30%        N/A       1%          5
d - Lee's Rapid Deconstr  Erth           35%        3d18*     0%          5
e - Wereblood             Tmut           46%        N/A       1%          2
f - Stone Arrow           Conj/Erth      100%       3d13      0%          3
g - Lehudib's Crystal Sp  Conj/Erth      31%        10d8      6%          8
h - Leda's Unmaking       Conj/Erth      31%        9d6       1%          6
i - Irradiate             Conj/Tmut      25%        3d20      1%          5

Your spell library contained the following spells:

 Spells                   Type           Power      Damage    Failure   Level
 Magic Dart               Conj           100%       1d8       0%          1
 Necrotise                Necr           100%       1d9       0%          1
 Sandblast                Erth           100%       2d20      0%          1
 Passwall                 Tmut/Erth      49%        N/A       0%          2
 Searing Ray              Conj           100%       2d8       0%          2
 Apportation              Tloc           62%        N/A       1%          1
 Foxfire                  Conj/Fire      100%       2x1d9     1%          1
 Shock                    Conj/Air       100%       1d9       1%          1
 Sting                    Tmut/Pois      100%       1d8       1%          1
 Static Discharge         Conj/Air       74%        2-6/arc   1%          2
 Sublimation of Blood     Necr           52%        N/A       1%          2
 Dazzling Flash           Conj/Hex       70%        N/A       1%          3
 Gell's Gravitas          Tloc           31%        N/A       1%          3
 Hailstorm                Conj/Ice       35%        3d9       1%          3
 Mephitic Cloud           Conj/Pois/Air  29%        N/A       1%          3
 Teleport Other           Tloc           31%        N/A       1%          3
 Vampiric Draining        Necr           52%        2d9       1%          3
 Flame Wave               Conj/Fire      35%        2d10      1%          4
 Fulminant Prism          Conj/Hex       17%        3d10      1%          4
 Iskenderun's Mystic Bla  Conj/Tloc      45%        2d10      1%          4
 Leda's Liquefaction      Hex/Erth       23%        N/A       1%          4
 Petrify                  Tmut/Erth      59%        N/A       1%          4
 Agony                    Necr           52%        N/A       1%          5
 Anguish                  Hex/Necr       16%        N/A       2%          4
 Manifold Assault         Tloc           31%        N/A       2%          4
 Passage of Golubria      Tloc           31%        N/A       2%          4
 Volatile Blastmotes      Fire/Tloc      44%        2d13      3%          3
 Arcjolt                  Conj/Air       18%        1d28      3%          5
 Freeze                   Ice            48%        1d6       4%          1
 Slow                     Hex            48%        N/A       4%          1
 Summon Small Mammal      Summ           48%        N/A       4%          1
 Poisonous Vapours        Pois/Air       26%        N/A       6%          2
 Call Imp                 Summ           24%        N/A       8%          2
 Ensorcelled Hibernation  Hex/Ice        24%        N/A       8%          2
 Scorch                   Fire           24%        2d6       8%          2
 Swiftness                Air            15%        N/A       9%          3
 Alistair's Intoxication  Tmut/Pois      19%        N/A       11%         5
 Yara's Violent Unravell  Hex/Tmut       14%        3d7       11%         5
 Call Canine Familiar     Summ           12%        N/A       14%         3
 Confusing Touch          Hex            12%        N/A       14%         3
 Frozen Ramparts          Ice            24%        1d4       14%         3
 Inner Flame              Hex/Fire       12%        N/A       14%         3
 Ozocubu's Armour         Ice            12%        N/A       14%         3
 Summon Guardian Golem    Hex/Summ       12%        N/A       14%         3
 Tukima's Dance           Hex            12%        N/A       14%         3
 Conjure Ball Lightning   Conj/Air       18%        3x3d6     19%         6
 Starburst                Conj/Fire      17%        6d6       24%         6
 Airstrike                Air            7%         2d(2-18)  28%         4
 Summon Forest            Summ/Tloc      11%        N/A       32%         5
 Summon Lightning Spire   Summ/Air       13%        N/A       36%         4
 Dispersal                Tloc           15%        N/A       38%         6
 Olgreb's Toxic Radiance  Pois           12%        N/A       43%         4
 Summon Ice Beast         Ice/Summ       12%        N/A       43%         4
 Eringya's Noxious Bog    Tmut/Pois      14%        4d6       52%         6
 Borgnjor's Revivificati  Necr           26%        N/A       63%         8
 Silence                  Hex/Air        6%         N/A       71%         5
 Metabolic Englaciation   Hex/Ice        6%         N/A       80%         5
 Haunt                    Necr/Summ      16%        N/A       91%         7
 Plasma Beam              Fire/Air       6%         2x1d17    99%         6
 Enfeeble                 Hex            6%         N/A       100%        7
 Summon Hydra             Summ           6%         N/A       100%        7
 Discord                  Hex            6%         N/A       100%        8
 Disjunction              Tloc           15%        N/A       100%        8
 Maxwell's Capacitive Co  Air            7%         ∞         100%        8
 Death's Door             Necr           26%        N/A       100%        9
 Animate Armour           Summ/Erth      Unusable   N/A       N/A         4
 Simulacrum               Ice/Necr       Unusable   N/A       N/A         6

Dungeon Overview and Level Annotations

Branches:
Dungeon (15/15)            Temple (1/1) D:4            Lair (5/5) D:11
  Swamp (4/4) Lair:3        Snake (4/4) Lair:2        Slime (5/5) Lair:5
    Orc (2/2) D:9             Elf (3/3) Orc:2        Vaults (5/5) D:14
  Crypt (0/3) Vaults:2     Depths (4/4) D:15            Zot (5/5) Depths:4

Altars:
Ashenzari
Cheibriados
Dithmenos
Elyvilon
Fedhas
Gozag
Hepliaklqana
Kikubaaqudgha
Makhleb
Nemelex Xobeh
Okawaru
Qazlal
Ru
Sif Muna
Trog
Uskayaw
Vehumet
Wu Jian
Xom
Yredelemnul
Zin
The Shining One
Jiyva

Shops:
D:1 *   D:5 :   D:6 (   D:10 [=(   D:15 :   Orc:2 ?[([   Elf:1 !   Elf:2 [
Snake:3 =::   Depths:2 :   Depths:3 ??*=

Portals:
Hell: Depths:1 Depths:2 Depths:3 Depths:4
Abyss: Depths:1 Depths:3 Depths:4
Pandemonium: Depths:2
Ziggurat: Depths:2

Annotations:
D:3 2 runed translucent doors, Tollund's ghost, amateur BaHs
D:4 3 runed translucent doors, osoart's ghost, amateur OpSh
D:12 1 runed translucent door, Etzysuoth's ghost, journeyman DsWr
Lair:3 exclusion: orange crystal statue
Snake:2 Roxanne
Elf:2 3 runed translucent doors
Vaults:1 1 runed translucent door, Yptir's ghost, adept AtFE
Vaults:3 2 runed translucent doors, cforsyth's ghost, veteran NaSu
Depths:1 3 runed translucent doors, Xeyjeo's ghost, veteran MfMo


Innate Abilities, Weirdness & Mutations

You are a fearsome iron dragon!
You have a powerful clawing attack.
Your giant scaled body is strong and resiliant, but less evasive.
You are flying.
Your maximum health is greatly increased.
Your armour is entirely melded.
You are incapable of wielding weapons or throwing items.
Your dull iron-grey scales are very hard. (AC +17)
You are amphibious.
You cannot fit into any form of body armour.
((You are cold-blooded and may be slowed by cold attacks.))
((You have very sharp teeth.))
You are agile. (Dex +4, Str/Int -1)
Your natural rate of healing is unusually fast.
((You are vulnerable to cold. (rC-)))


Message History

The sixfirhy misses you. Qurphy hits you but does no damage.
Unknown command.
You closely miss Qurphy.
Your tail-slap misses Qurphy.
Qurphy is moderately wounded.
The sixfirhy hits you but does no damage.
The sixfirhy barely misses you.
The sixfirhy hits you but does no damage.
You bite Qurphy!!
Your tail-slap misses Qurphy.
Your claw misses Qurphy. Your bite misses Qurphy.
Qurphy is heavily wounded.
The sixfirhy hits you but does no damage.
You block the sixfirhy's attack. Qurphy barely misses you.
Unknown command.
You maul Qurphy!!!
Qurphy is severely wounded.
Your surroundings suddenly seem different.
Unknown command.
There is a stone staircase leading up here.
You fly upwards.
There is a stone staircase leading down here.
Unknown command.
There is a stone staircase leading down here.
Aiming: Dig
Press: ? - help, Shift-Dir - straight line A rock wall.
This square is covered in magical glow.
The rock shatters into small pieces.
Unknown command.
There is a staircase leading out of the dungeon here.
You start resting.
Magic restored.
You start resting.
HP restored.
Unknown command.
You are a fearsome iron dragon!
You are flying.
You are studying Long Blades, Staves and Shields.
Your flying speed is average.
Your attack delay is about 0.7.
Your damage rating with unarmed combat is about 87 (Base [26 + 15 (UC)] x 155% (Str) x 132% (Fight) + 4 (Slay)).
Your base attributes are Str 23, Int 15, Dex 12.
You have escaped!

.#........##........#
.###.##........####.#
.##..........### #.#
..........#########.#
.##..###...^......#.#
.##..############.#.#
.....#P#P#P#P#P###..# ##########
.###.............#### #.........
............PP..D#######.#######.
.###.....................# #.
.##..#P#P#P#P#P#########.# #.
.....###########..## #.# #.
.##.....#######..#.## #.# #.
..#.............###.# #.# #.
.#....##########.#.## #.#######.
......# ##..# #......... ##.##.#
##.# #####.####


There were no monsters in sight!

Vanquished Creatures
  the Royal Jelly (Slime:5)
  An orb of fire (Zot:3)
  A pandemonium lord (D:14)
  2 ancient liches
  The ghost of Dommouf the Slayer, a veteran OgBe of Trog (Zot:2)
  4 juggernauts
  A Killer Klown (Zot:5)
  Frederick (Depths:3)
  Saint Roka (Depths:2)
  the Lernaean hydra (Swamp:4)
  Bai Suzhen (Vaults:5)
  5 curse toes (Zot:4)
  13 golden dragons
  A Tzitzimitl (Zot:2)
  2 electric golems
  3 doom hounds (Zot:2)
  16 tentacled monstrosities
  3 Ice Fiends
  Mlioglotl (Snake:4)
  Jorgrun (Snake:1)
  5 liches
  14 Orb Guardians
  2 deep elf blademasters (Elf:3)
  Grunn (Zot:2)
  3 deep elf master archers (Elf:3)
  15 acid blobs
  3 titans (Vaults:5)
  An Executioner (Abyss:3)
  5 quicksilver dragons
  4 sphinxes
  Frances (Swamp:2)
  8 death cobs
  3 tentacled starspawn (Abyss:3)
  16 storm dragons
  A thorn hunter (Swamp:2)
  7 tengu reavers
  11 shadow dragons
  4 draconian monks
  7 draconian knights
  9 rockslimes
  8 fire giants
  4 azure jellies
  11 nagarajas
  6 deep elf sorcerers
  An iron dragon (Vaults:5)
  24 vault wardens
  6 frost giants
  4 draconian scorchers
  2 balrugs
  5 draconian shifters
  2 ghost moths
  5 draconian stormcallers
  The ghost of Cophusiv the Bludgeoner, a journeyman DsGl of Hepliaklqana (D:15)
  3 orc warlords
  4 draconian annihilators
  9 deep elf elementalists
  7 spriggan defenders
  3 formless jellyfish
  A war gargoyle (Vaults:2)
  16 quicksilver oozes
  23 very ugly things
  16 ironbound preservers
  7 ironbound thunderhulks
  20 stone giants
  3 putrid mouths
  A reaper (Zot:1)
  8 black draconians
  4 vampire knights
  9 green draconians
  4 eleionomae
  9 deep elf demonologists (Elf:3)
  14 spark wasps
  12 deep elf annihilators
  4 bunyips
  8 yellow draconians
  Azrael (Orc:2)
  9 purple draconians
  A dire elephant (shapeshifter) (Vaults:5)
  12 dire elephants
  2 red draconians
  A bunyip (shapeshifter) (Elf:3)
  14 white draconians
  6 statues (Depths:3)
  A merfolk javelineer (Depths:4)
  4 crystal guardians
  7 deep elf death magi
  12 ettins
  6 deep elf high priests (Elf:3)
  8 jiangshi
  2 merfolk impalers (Depths:2)
  A great orb of eyes (shapeshifter) (D:14)
  19 yaktaur captains
  The ghost of ragingrage the Grappler, a journeyman TrSh of Ru (D:10)
  8 great orbs of eyes
  2 green deaths (Swamp:4)
  10 fire dragons
  Josephine (D:10)
  3 entropy weavers
  39 vault guards
  A rakshasa (Depths:1)
  A shambling mangrove (Swamp:3)
  7 ice dragons
  4 peacekeepers
  6 salamander tyrants
  15 hydras
  2 ogre magi
  3 catoblepae
  15 ironbound frosthearts
  An anaconda (shapeshifter) (Depths:1)
  3 ghost crabs
  14 centaur warriors
  5 spriggan air magi
  7 boulder beetles
  8 anacondas
  8 two-headed ogres
  10 alligators
  2 thrashing horrors (Swamp:4)
  10 deep troll shamans
  16 naga warriors
  3 demonic crawlers
  14 tengu warriors
  3 death yaks (Lair:5)
  5 vampire magi
  10 deep troll earth magi
  12 naga sharpshooters
  13 dancing weapons
  3 orc high priests
  3 spriggan berserkers
  2 hell knights
  6 sun demons
  15 deep elf knights
  6 shock serpents
  8 iron trolls
  3 wretched stars (Abyss:3)
  5 goliath frogs
  3 salamander mystics
  4 sea snakes
  3 glowing orange brains
  2 shadow demons
  3 spriggan druids
  2 flayed ghosts (Depths:2)
  A naga ritualist (Snake:2)
  6 bog bodies
  7 lindwurms
  73 deep trolls
  A spectral hydra (Lair:3)
  8 orc knights
  8 swamp dragons
  5 phantasmal warriors
  18 ironbound convokers
  A lindwurm (shapeshifter) (Vaults:5)
  13 deep elf archers
  17 wizards
  4 mana vipers
  32 deep elf zephyrmancers
  2 necromancers (Vaults:1)
  10 orc sorcerers
  23 deep elf pyromancers
  A frost giant zombie (Vaults:1)
  2 human zombies (Vaults:1)
  6 cyclopes
  44 ugly things
  A shining eye (shapeshifter) (Vaults:5)
  3 shining eyes
  9 salamanders
  3 will-o-the-wisps
  3 wolf spiders
  25 moths of wrath
  5 manticores
  18 elephants
  A stone giant skeleton (Vaults:1)
  A toenail golem (D:11)
  16 guardian serpents
  A guardian serpent (shapeshifter) (D:13)
  20 naga magi
  9 apocalypse crabs (Zot:4)
  26 black mambas
  An eye of devastation (D:15)
  2 molten gargoyles (D:12)
  23 vault sentinels
  5 smoke demons
  4 gargoyles
  An unseen horror (shapeshifter) (Vaults:5)
  3 orange demons
  An eye of devastation (shapeshifter) (Vaults:5)
  3 efreet
  3 unseen horrors
  5 cane toads
  A kobold demonologist (D:8)
  4 freezing wraiths
  11 rime drakes
  66 yaktaurs
  11 komodo dragons
  A queen bee (Lair:5)
  3 meliai (Lair:5)
  A troll (shapeshifter) (D:12)
  7 tengu conjurers
  3 polar bears
  4 tyrant leeches
  A wind drake (shapeshifter) (D:10)
  16 hornets
  3 raiju (Abyss:3)
  9 trolls
  A wolf spider simulacrum (D:14)
  A tarantella (Vaults:1)
  14 blink frogs
  6 saltlings (Orc:2)
  2 dream sheep (Lair:5)
  2 spriggans (shapeshifter) (Elf:2)
  96 slime creatures
  A flying skull (Abyss:3)
  6 water elementals
  17 spriggans
  3 air elementals
  3 shadows (Swamp:4)
  8 wraiths
  14 wyverns
  4 vampires
  A ynoxinul (Zot:5)
  9 fire elementals
  2 small abominations (Abyss:3)
  33 yaks
  A yak (shapeshifter) (D:13)
  6 basilisks
  A basilisk (shapeshifter) (D:14)
  2 chaos spawn (Abyss:3)
  A fire bat (shapeshifter) (Vaults:4)
  3 steam dragons
  5 golden eyes
  11 vampire mosquitoes
  2 neqoxecs
  2 redbacks (Vaults:3)
  19 swamp worms
  9 wargs
  23 nagas
  2 acid dragons (Lair:5)
  5 hell hounds
  13 water moccasins
  Duvessa (D:5)
  5 large abominations
  3 floating eyes
  32 orc warriors
  5 swamp drakes
  7 ice beasts
  4 sky beasts
  2 black bears
  20 wolves
  5 ogres
  7 boggarts
  18 centaurs
  2 phantoms
  3 kobold brigands
  7 bullfrogs
  A spectral wyvern (Lair:3)
  5 earth elementals
  A gnoll sergeant (D:7)
  12 wights
  Dowan (D:5)
  39 killer bees
  3 electric eels
  7 howler monkeys
  8 lava snakes
  2 jellies
  6 hounds
  20 orc priests
  12 starcursed masses (Abyss:3)
  Terence (D:3)
  24 orc wizards
  2 sleepcaps
  11 iguanas
  5 hell rats (D:14)
  13 gnolls
  7 adders
  4 river rats (D:6)
  2 shadow imps
  5 white imps
  3 ufetubi
  A worm (D:3)
  2 dart slugs
  86 orcs
  2 bats
  5 endoplasms
  2 giant cockroaches
  4 goblins
  7 hobgoblins
  3 jackals (D:1)
  17 kobolds
  4 quokkas
  6 ball pythons
  3 frilled lizards
  3 rats
2283 creatures vanquished.

Vanquished Creatures (collateral kills)
  A Killer Klown (Zot:3)
  An electric golem (Zot:3)
  A tentacled monstrosity (Zot:3)
  7 Orb Guardians (Zot:5)
  A death cob (Zot:3)
  A storm dragon (Zot:3)
  A shadow dragon (Vaults:5)
  A draconian scorcher (Zot:3)
  2 very ugly things (Vaults:5)
  2 yellow draconians (Zot:3)
  3 purple draconians (Zot:3)
  2 yaktaur captains (Vaults:5)
  4 vault guards (Vaults:5)
  A swamp dragon (shapeshifter) (Vaults:5)
  An ironbound convoker (Vaults:5)
  2 necromancers (Vaults:5)
  4 moths of wrath (Zot:3)
  A vault sentinel (Vaults:5)
  A freezing wraith (Vaults:5)
  A yaktaur (Vaults:5)
38 creatures vanquished.

Vanquished Creatures (others)
  2 orbs of fire (Zot:5)
  3 dread liches
  2 ancient liches (Zot:5)
  3 Killer Klowns (Zot:5)
  A curse toe (Zot:5)
  A caustic shrike (Zot:5)
  An electric golem (Zot:5)
  3 tentacled monstrosities
  4 Orb Guardians (Zot:5)
  2 titans (Vaults:5)
  2 liches (Vaults:5)
  A quicksilver dragon (Zot:5)
  3 sphinxes (Vaults:5)
  4 tengu reavers (Vaults:5)
  3 storm dragons (Zot:5)
  A draconian knight (Zot:5)
  2 frost giants (Vaults:5)
  3 fire giants
  A vault warden (Vaults:5)
  3 draconian scorchers
  2 very ugly things (Vaults:5)
  A draconian shifter (Zot:3)
  2 ironbound preservers (Vaults:5)
  A draconian stormcaller (Zot:3)
  3 stone giants (Vaults:5)
  A deep elf demonologist (Vaults:5)
  A green draconian (Zot:5)
  2 purple draconians
  A black draconian (Zot:3)
  2 white draconians (Zot:5)
  A yellow draconian (Zot:5)
  An ettin (Vaults:5)
  A red draconian (Zot:5)
  4 yaktaur captains (Vaults:5)
  2 vault guards (Vaults:5)
  An ogre mage (Vaults:5)
  2 flayed ghosts (Vaults:5)
  An orange crystal statue (Zot:3)
  2 deep elf pyromancers
  An ugly thing (Vaults:5)
  3 moths of wrath (Zot:5)
  A manticore (D:8)
  A vault sentinel (Vaults:5)
  3 yaktaurs (Vaults:5)
  2 freezing wraiths (Vaults:5)
  A bloated husk (Swamp:3)
  An orc warrior (D:9)
  A lava snake (Lair:3)
  A hell rat (D:14)
  2 orcs
  14 foxfires
  4 starspawn tentacles (Abyss:3)
111 creatures vanquished.

Grand Total: 2432 creatures vanquished

Notes
Turn   | Place    | Note
-------+----------+-------------------------------------------
     0 | D:1      | Zonian the Draconian Shapeshifter began the quest for the
                  | Orb.
     0 | D:1      | Reached XP level 1. HP: 16/16 MP: 1/1
   116 | D:1      | Found a faded altar of an unknown god.
   276 | D:1      | Reached XP level 2. HP: 22/23 MP: 2/2
   383 | D:1      | Found Pimuont's Assorted Antiques.
  1044 | D:2      | Reached XP level 3. HP: 28/29 MP: 3/3
  1052 | D:2      | Found a snail-covered altar of Cheibriados.
  1719 | D:3      | Found a burning altar of Makhleb.
  1945 | D:3      | Found a large runed translucent door.
  1945 | D:3      | Found a large runed translucent door.
  1947 | D:3      | Noticed Tollund's ghost (amateur BaHs)
  2089 | D:3      | Noticed Terence
  2446 | D:3      | Killed Terence
  2447 | D:3      | Reached XP level 4. HP: 33/37 MP: 4/4
  2834 | D:4      | Reached XP level 5. HP: 28/44 MP: 5/5
  3539 | D:4      | Found an ornate altar of the Wu Jian Council.
  3700 | D:4      | Found a staircase to the Ecumenical Temple.
  3715 | Temple   | Entered the Ecumenical Temple
  3803 | Temple   | Became a worshipper of Gozag Ym Sagoz the Greedy
  3996 | D:4      | Found a runed translucent gate.
  3997 | D:4      | Found a runed translucent gate.
  3998 | D:4      | Noticed osoart's ghost (amateur OpSh)
  3999 | D:4      | Found a runed translucent gate.
  4138 | D:5      | Entered Level 5 of the Dungeon
  4166 | D:5      | Reached XP level 6. HP: 34/51 MP: 6/6
  4396 | D:5      | Found Ericaunk's Book Shoppe.
  4883 | D:1      | Bought a scroll labelled OSEGYMEDEE for 19 gold pieces
  4883 | D:1      | Bought a scroll of teleportation for 57 gold pieces
  5825 | D:5      | Your scales start taking on a dull iron-grey colour.
  5825 | D:5      | Reached XP level 7. HP: 46/59 MP: 7/7
  6098 | D:5      | Noticed Duvessa
  6482 | D:5      | Reached skill level 5 in Unarmed Combat
  6495 | D:5      | Noticed Dowan
  6600 | D:6      | Found a bloodstained altar of Trog.
  6602 | D:6      | Found a shimmering blue altar of Sif Muna.
  6602 | D:6      | Found a snail-covered altar of Cheibriados.
  6660 | D:6      | Found a white marble altar of Elyvilon.
  6898 | D:6      | Reached skill level 5 in Fighting
  6898 | D:6      | Reached XP level 8. HP: 68/68 MP: 8/8
  6961 | D:6      | Reached skill level 5 in Shapeshifting
  7080 | D:6      | Found Qyuz Ted's Weapon Emporium.
  7093 | D:6      | Reached skill level 1 in Stealth
  7094 | D:6      | Bought a throwing net for 36 gold pieces
  7099 | D:6      | Found a basalt altar of Yredelemnul.
  7402 | D:6      | Reached skill level 5 in Dodging
  7542 | D:6      | Found a stormy altar of Qazlal.
  7903 | D:7      | Reached XP level 9. HP: 75/75 MP: 9/9
  7972 | D:5      | Found an iron altar of Okawaru.
  8017 | D:5      | Killed Duvessa
  8026 | D:5      | Killed Dowan
  8237 | D:5      | Found a shadowy altar of Dithmenos.
  8410 | D:1      | Bought a runed orb for 228 gold pieces
  8678 | D:7      | Gained mutation: You are agile. (Dex +4, Str/Int -1)
                  | [potion of mutation]
  8678 | D:7      | Gained mutation: Your natural rate of healing is unusually
                  | fast. [potion of mutation]
  8678 | D:7      | Gained mutation: You have very sharp teeth. [potion of
                  | mutation]
  9294 | D:7      | Found a shimmering altar of Xom.
  9363 | D:7      | Found a white marble altar of Elyvilon.
  9910 | D:7      | Reached XP level 10. HP: 86/86 MP: 10/10
 10193 | D:8      | Noticed a purple ugly thing
 10193 | D:8      | Noticed a manticore
 10193 | D:8      | Noticed a tengu warrior
 10206 | D:8      | Noticed a centaur warrior
 10216 | D:8      | Noticed a five-headed hydra
 10228 | D:8      | Noticed a centaur warrior
 10230 | D:8      | Noticed a five-headed hydra
 10378 | D:8      | Found a hazy altar of Hepliaklqana.
 10440 | D:8      | Found a broken altar of Ashenzari.
 10474 | D:8      | Reached skill level 5 in Stealth
 10534 | D:8      | Killed a manticore
 10903 | D:9      | Found a staircase to the Orcish Mines.
 12178 | D:10     | Entered Level 10 of the Dungeon
 12209 | D:10     | Noticed a gargoyle
 12217 | D:10     | Killed a gargoyle
 12260 | D:10     | Found a sacrificial altar of Ru.
 12300 | D:10     | Found Cudo's Antique Armour Shop.
 12336 | D:10     | Found Imeisomm's Weapon Boutique.
 12337 | D:10     | Found Lyg Cacs's Jewellery Emporium.
 12344 | D:10     | Bought the ring "Jytutag" {rF+ Str+6} for 579 gold pieces
 12422 | D:10     | Noticed a two-headed ogre
 12425 | D:10     | Noticed ragingrage's ghost (journeyman TrSh)
 12434 | D:10     | Found a bloodstained altar of Trog.
 12436 | D:10     | Noticed a tengu warrior
 12440 | D:10     | Found a transporter.
 12444 | D:10     | Found a transporter.
 12457 | D:10     | Noticed a moth of wrath
 12469 | D:10     | Found a sparkling altar of Nemelex Xobeh.
 12587 | D:10     | Reached XP level 11. HP: 60/93 MP: 11/11
 13427 | D:11     | Found a staircase to the Lair.
 15109 | D:10     | Noticed a centaur warrior
 15119 | D:10     | Killed a centaur warrior
 15135 | D:10     | Noticed a wolf spider
 15151 | D:10     | Killed a wolf spider
 15222 | D:10     | Noticed Josephine
 15235 | D:10     | Killed Josephine
 15486 | Lair:1   | Entered Level 1 of the Lair of Beasts
 15542 | Lair:1   | Noticed a boulder beetle
 15572 | Lair:1   | Killed a boulder beetle
 15573 | Lair:1   | Reached skill level 10 in Fighting
 15573 | Lair:1   | Reached XP level 12. HP: 99/106 MP: 12/12
 16292 | Lair:1   | Reached skill level 10 in Unarmed Combat
 16661 | Lair:2   | Found a staircase to the Snake Pit.
 18155 | Lair:3   | Found a staircase to the Swamp.
 18155 | Lair:3   | Noticed a ghost crab
 18155 | Lair:3   | Noticed a ghost crab
 18493 | Lair:3   | Noticed a boulder beetle
 19254 | Lair:3   | Reached XP level 13. HP: 116/116 MP: 13/13
 20036 | Lair:4   | Found a shadowy altar of Dithmenos.
 20322 | Lair:4   | Reached skill level 10 in Shapeshifting
 20789 | Lair:5   | Entered Level 5 of the Lair of Beasts
 21052 | Lair:5   | Found a viscous altar of Jiyva.
 21230 | Lair:5   | Found a staircase to the Slime Pits.
 21721 | Lair:5   | Noticed a dire elephant
 22186 | Lair:5   | Noticed a fire dragon
 22804 | Lair:5   | Killed a fire dragon
 22805 | Lair:5   | Reached XP level 14. HP: 116/129 MP: 14/14
 23651 | Lair:5   | Identified the +6 orcbow of Ruiheu {heavy, rF+ rN+++ Dex+3
                  | Stlth-}
 24158 | D:12     | Found a runed translucent door.
 24160 | D:12     | Noticed Etzysuoth's ghost (journeyman DsWr)
 26478 | D:14     | Found the +3 pair of seven-league boots {Rampage+∞}
 26993 | D:14     | Found a gate to the Vaults.
 27675 | D:14     | Reached skill level 15 in Fighting
 27675 | D:14     | Reached XP level 15. HP: 139/140 MP: 15/15
 28120 | D:15     | Entered Level 15 of the Dungeon
 28144 | D:15     | Found a runed translucent gate.
 28144 | D:15     | Found a runed translucent gate.
 28144 | D:15     | Found a runed translucent gate.
 28144 | D:15     | Noticed an azure jelly
 28145 | D:15     | Noticed an acid blob
 28145 | D:15     | Noticed Cophusiv's ghost (journeyman DsGl)
 28146 | D:15     | Noticed a rockslime
 28203 | D:15     | Found a gate leading to a gauntlet.
 28304 | D:15     | Found a viscous altar of Jiyva.
 29070 | D:15     | Found a staircase to the Depths.
 29081 | D:15     | Reached skill level 10 in Stealth
 30062 | Orc:1    | Entered Level 1 of the Orcish Mines
 30515 | Orc:2    | Entered Level 2 of the Orcish Mines
 30515 | Orc:2    | Found a staircase to the Elven Halls.
 30642 | Orc:2    | Noticed Azrael
 30662 | Orc:2    | Killed Azrael
 30974 | Orc:2    | Found a flickering gateway to a bazaar.
 31001 | Bazaar   | Entered a bazaar
 31022 | Bazaar   | Found Oco Taisk's Distillery.
 31027 | Bazaar   | Bought a potion of might for 36 gold pieces
 31027 | Bazaar   | Bought 2 potions of curing for 54 gold pieces
 31027 | Bazaar   | Bought a potion of curing for 27 gold pieces
 31027 | Bazaar   | Bought a potion of enlightenment for 45 gold pieces
 31038 | Bazaar   | Found Jigon's Book Emporium.
 31043 | Bazaar   | Bought a book of Lightning for 476 gold pieces
 31043 | Bazaar   | Bought Gyno's Reference Book on the Evil Eye and Anemomancy
                  | for 504 gold pieces
 31054 | Bazaar   | Found Enywk's Antique Weapon Shoppe.
 31054 | Bazaar   | Found Saintut's Armour Emporium.
 31065 | Bazaar   | Bought the +2 buckler of Autumn {rF+} for 427 gold pieces
 31391 | Orc:2    | Reached skill level 1 in Spellcasting
 31400 | Orc:2    | Found Suynoth's Weapon Shop.
 31795 | Orc:2    | Found Fint's Antique Armour Boutique.
 31797 | Orc:2    | Found Diuxzu's Magic Scroll Boutique.
 31840 | Orc:2    | Bought a scroll of teleportation for 48 gold pieces
 31840 | Orc:2    | Bought a scroll of teleportation for 48 gold pieces
 31840 | Orc:2    | Bought a scroll of teleportation for 48 gold pieces
 31840 | Orc:2    | Bought a scroll of revelation for 120 gold pieces
 31840 | Orc:2    | Bought a scroll of fog for 64 gold pieces
 31840 | Orc:2    | Bought a scroll of summoning for 152 gold pieces
 31855 | Orc:2    | Found Eneohy's Armour Shoppe.
 31891 | Orc:2    | Reached skill level 15 in Unarmed Combat
 32206 | Snake:1  | Entered Level 1 of the Snake Pit
 32213 | Snake:1  | Noticed Jorgrun
 32226 | Snake:1  | Killed Jorgrun
 32452 | Snake:1  | Reached XP level 16. HP: 151/151 MP: 20/20
 34139 | Snake:2  | Noticed Roxanne
 35007 | Snake:2  | Found a hide-covered altar of Uskayaw.
 35409 | Snake:3  | Found a frozen archway.
 36072 | Snake:3  | Found Meuqoboist's Book Emporium.
 36073 | Snake:3  | Found Hata's Jewellery Shop.
 36075 | Snake:3  | Found Suun's Book Emporium.
 36338 | Snake:4  | Entered Level 4 of the Snake Pit
 36368 | Snake:3  | Reached skill level 15 in Shapeshifting
 36661 | Snake:4  | Noticed Mlioglotl
 37099 | Snake:4  | Killed Mlioglotl
 38323 | Snake:4  | Reached XP level 17. HP: 158/158 MP: 21/21
 38391 | Snake:4  | Got a serpentine rune of Zot
 39177 | Swamp:1  | Entered Level 1 of the Swamp
 39192 | Swamp:1  | Reached skill level 1 in Evocations
 40029 | Swamp:2  | You are sucked into a shaft and drop 1 floor!
 40168 | Swamp:2  | Noticed Frances
 40186 | Swamp:2  | Killed Frances
 40426 | Swamp:2  | Reached skill level 5 in Spellcasting
 40801 | Swamp:4  | Entered Level 4 of the Swamp
 40820 | Swamp:4  | Noticed a tentacled monstrosity
 40830 | Swamp:4  | Reached skill level 5 in Evocations
 40840 | Swamp:4  | Killed a tentacled monstrosity
 41426 | Swamp:4  | Noticed the 27-headed Lernaean hydra
 42076 | Swamp:4  | Killed the 27-headed Lernaean hydra
 42077 | Swamp:4  | Reached XP level 18. HP: 151/170 MP: 28/28
 42416 | Swamp:4  | Got a decaying rune of Zot
 42856 | Elf:1    | Entered Level 1 of the Elven Halls
 42872 | Elf:1    | Found a radiant altar of Vehumet.
 43131 | Elf:1    | Found Qybuegul's Distillery.
 43218 | Elf:1    | Got Sif Muna's Directory of Cleavage
 43229 | Elf:1    | Got Sif Muna's Guidebook on the Iceberg
 43233 | Elf:1    | Learned a level 2 spell: Blink
 43249 | Elf:1    | Got the Compilation of Phlogiston
 43264 | Elf:1    | Got the Treatise on Feathers
 43401 | Elf:1    | Reached skill level 1 in Translocations
 44568 | Elf:2    | Paralysed by an air elemental for 1 turns
 44713 | Elf:2    | Found a runed translucent gate.
 44714 | Elf:2    | Found a runed translucent gate.
 45102 | Elf:2    | Found a runed translucent gate.
 45343 | Elf:2    | Reached skill level 5 in Translocations
 45807 | Elf:2    | Found Mase's Armour Shoppe.
 46107 | Elf:3    | Entered Level 3 of the Elven Halls
 46615 | Abyss:2  | Cast into level 2 of the Abyss (a deep elf demonologist)
 46689 | Abyss:2  | Learned a level 3 spell: Vhi's Electric Charge
 46703 | Elf:3    | Escaped the Abyss
 46782 | Elf:3    | Reached skill level 1 in Air Magic
 47461 | D:15     | Bought Great Wizards, Vol. II for 760 gold pieces
 47467 | D:15     | Learned a level 5 spell: Borgnjor's Vile Clutch
 47495 | D:15     | Reached skill level 1 in Earth Magic
 47498 | D:15     | Reached skill level 1 in Necromancy
 47498 | D:15     | Reached XP level 19. HP: 183/183 MP: 31/31
 47508 | D:15     | Killed Cophusiv's ghost
 47509 | D:15     | Reached skill level 2 in Earth Magic
 47543 | D:15     | Identified the +3 kite shield of Dax Rau {rN+}
 48088 | Elf:3    | Reached skill level 3 in Earth Magic
 48437 | Elf:3    | Identified the amulet "Ecleoqas" {Faith rF+ MP+9 Dex+6}
 48437 | Abyss:2  | Cast into level 2 of the Abyss (a deep elf demonologist)
 48438 | Abyss:2  | Reached skill level 4 in Earth Magic
 48478 | Elf:3    | Escaped the Abyss
 48492 | Elf:3    | Identified the +4 battleaxe "Hoymuzis" {drain, Drain rPois
                  | rCorr}
 48495 | Elf:3    | Reached skill level 5 in Earth Magic
 48501 | Elf:3    | Noticed a Tzitzimitl
 48945 | Elf:3    | Reached skill level 5 in Necromancy
 48945 | Elf:3    | Reached skill level 6 in Earth Magic
 49065 | Elf:3    | Reached skill level 7 in Earth Magic
 49077 | Elf:3    | Identified the +7 plate armour "Arhaepna" {+Blink Stlth+}
 49077 | Abyss:2  | Cast into level 2 of the Abyss (a deep elf demonologist)
 49110 | Elf:3    | Escaped the Abyss
 49114 | Elf:3    | Noticed a Brimstone Fiend
 49452 | Elf:3    | Got Cyhet's Wizarding, Part Four
 49454 | Elf:3    | Identified the +10 longbow of Xaty {drain, Dex+6}
 50168 | Vaults:1 | Entered Level 1 of the Vaults
 50176 | Vaults:1 | Reached skill level 8 in Earth Magic
 50420 | Vaults:1 | Reached skill level 9 in Earth Magic
 50639 | Vaults:1 | Found a runed translucent door.
 50643 | Vaults:1 | Noticed Yptir's ghost (adept AtFE)
 51021 | D:10     | Killed ragingrage's ghost
 51383 | D:8      | Identified the +0 pair of gloves "Seodoi" {Will+ Regen+}
 51471 | D:8      | Learned a level 5 spell: Lee's Rapid Deconstruction
 51490 | D:8      | Learned a level 2 spell: Wereblood
 51743 | Vaults:1 | Reached skill level 1 in Transmutations
 51749 | Vaults:1 | Reached skill level 10 in Earth Magic
 51984 | Vaults:1 | Reached XP level 20. HP: 191/191 MP: 32/32
 52869 | Vaults:2 | Reached skill level 11 in Earth Magic
 53262 | Vaults:2 | Reached skill level 5 in Transmutations
 53494 | Vaults:2 | Reached skill level 10 in Necromancy
 53787 | Vaults:2 | Reached skill level 12 in Earth Magic
 54381 | Vaults:2 | Found a staircase to the Crypt.
 54381 | Vaults:2 | Found an ancient bone altar of Kikubaaqudgha.
 54382 | Vaults:2 | Found a basalt altar of Yredelemnul.
 54763 | Vaults:3 | Reached skill level 13 in Earth Magic
 54955 | Vaults:3 | Found a large runed translucent door.
 54955 | Vaults:3 | Found a large runed translucent door.
 54955 | Vaults:3 | Noticed cforsyth's ghost (veteran NaSu)
 55710 | Vaults:4 | Reached XP level 21. HP: 198/198 MP: 29/33
 55964 | Vaults:4 | Reached skill level 14 in Earth Magic
 56860 | Vaults:4 | Reached skill level 15 in Earth Magic
 56938 | Vaults:4 | Reached skill level 10 in Transmutations
 57434 | Vaults:5 | Entered Level 5 of the Vaults
 57507 | Vaults:5 | Found the +4 consecrated labrys {holy, Valiant Fragile Fly
                  | SInv}
 57508 | Vaults:5 | Noticed a golden dragon
 57528 | Vaults:5 | Noticed a dread lich
 57530 | Vaults:5 | Killed a golden dragon
 57536 | Vaults:5 | Identified the +10 glaive of Disorder {heavy, Str-4 Dex-3
                  | SInv Stlth+}
 57547 | Vaults:5 | Identified the staff "Poips" {Conj Earth}
 57563 | Vaults:5 | Got a silver rune of Zot
 57676 | Vaults:5 | Noticed a golden dragon
 57683 | Vaults:5 | Killed a golden dragon
 57685 | Vaults:5 | Reached skill level 16 in Earth Magic
 57713 | Vaults:5 | Reached XP level 22. HP: 100/205 MP: 8/34
 57714 | Vaults:5 | Noticed a golden dragon
 57836 | Vaults:5 | Killed a golden dragon
 57868 | Vaults:5 | Got Pamit's Parchment of Fetid Anathema
 58392 | Vaults:5 | Noticed an ancient lich
 58400 | Vaults:5 | Killed an ancient lich
 58411 | Vaults:5 | Noticed a golden dragon
 58417 | Vaults:5 | Killed a golden dragon
 58423 | Vaults:5 | Noticed Bai Suzhen
 58439 | Vaults:5 | Killed Bai Suzhen
 58861 | Vaults:5 | Got Sif Muna's Precepts of Sidekicks
 58876 | Vaults:5 | Got the Thoughts on the Niveous Gathering
 59197 | Vaults:5 | Identified the +1 orcbow of the Loving Gods {elec, Int+4}
 59401 | D:15     | Bought a book of Armaments for 720 gold pieces
 59405 | D:15     | Learned a level 3 spell: Stone Arrow
 59414 | D:15     | Learned a level 8 spell: Lehudib's Crystal Spear
 59471 | Depths:1 | Entered Level 1 of the Depths
 59481 | Depths:1 | Reached skill level 17 in Earth Magic
 59487 | Depths:1 | Reached skill level 1 in Conjurations
 59613 | Depths:1 | Identified a scroll of acquirement
 59614 | Depths:1 | Found a runed translucent gate.
 59629 | Depths:1 | Acquired 531 gold pieces
 59670 | Depths:1 | Found a runed translucent gate.
 59671 | Depths:1 | Found a runed translucent gate.
 59678 | Depths:1 | Noticed Xeyjeo's ghost (veteran MfMo)
 59834 | Depths:1 | Found a one-way gate to the infinite horrors of the Abyss.
 60601 | Depths:1 | You are sucked into a shaft and drop 1 floor!
 60668 | Depths:2 | Noticed Saint Roka
 60681 | Depths:2 | Found a gateway to Hell.
 60695 | Depths:2 | Killed Saint Roka
 60893 | Depths:2 | Noticed a juggernaut
 60899 | Depths:2 | Killed a juggernaut
 60929 | Depths:2 | Reached skill level 5 in Conjurations
 60954 | Depths:2 | Reached skill level 18 in Earth Magic
 61016 | Depths:2 | HP: 14/309 [stone giant/large rock (24)]
 61017 | Depths:2 | HP: 6/309 [stone giant/large rock (5)]
 61424 | Depths:2 | Paralysed by a floating eye for 3 turns
 61467 | Depths:2 | Reached XP level 23. HP: 82/213 MP: 9/36
 61496 | Depths:2 | Reached skill level 10 in Spellcasting
 62204 | Depths:2 | Identified the +3 cloak of Vaavacs {rC+}
 62309 | Depths:2 | Reached skill level 19 in Earth Magic
 62681 | Depths:2 | Found a one-way gateway to a ziggurat.
 62844 | Depths:2 | Identified the +5 whip of the Twisting Stoat {heavy, rF-
                  | rCorr Str+8 Int+3}
 62847 | Depths:2 | Identified the +11 spear of Zealous Tortfeasance {venom,
                  | Will+++}
 62957 | Depths:2 | Found a one-way gate leading to the halls of Pandemonium.
 63434 | Depths:1 | Upgraded the game from 0.31-a0-345-g1ebeae05c6 to
                  | 0.31-a0-408-gb642c7f9a3
 63494 | Depths:2 | Learned a level 6 spell: Leda's Unmaking
 63737 | Depths:3 | Found Hoyteot's Jewellery Shoppe.
 63737 | Depths:3 | Found Ulucuvvi's Magic Scroll Emporium.
 63738 | Depths:3 | Found Vuwus's Magic Scroll Emporium.
 63741 | Depths:3 | Found Imel Uby's General Store.
 63743 | Depths:3 | Bought a scroll of summoning for 161 gold pieces
 63749 | Depths:3 | Bought a scroll of fog for 88 gold pieces
 63752 | Depths:3 | Bought a scroll of fog for 56 gold pieces
 63752 | Depths:3 | Bought a scroll of silence for 133 gold pieces
 63752 | Depths:3 | Bought a scroll of revelation for 105 gold pieces
 63769 | Abyss:3  | Cast into level 3 of the Abyss (a wizard)
 63801 | Abyss:3  | Found a corrupted altar of Lugonu.
 63826 | Abyss:3  | Found a corrupted altar of Lugonu.
 63961 | Abyss:3  | Paralysed by accursed screaming for 1 turns
 64248 | Abyss:3  | Paralysed by accursed screaming for 1 turns
 64287 | Abyss:3  | Gained mutation: You are vulnerable to cold. (rC-) [a
                  | neqoxec]
 64290 | Depths:3 | Escaped the Abyss
 64392 | Depths:3 | Noticed Frederick
 64403 | Depths:3 | Killed Frederick
 64486 | Depths:3 | Paralysed by a floating eye for 4 turns
 65276 | Depths:3 | Reached skill level 20 in Earth Magic
 65467 | Depths:3 | Identified the +9 war axe "Matociz" {flame, rElec Will+}
 66076 | Depths:3 | Reached skill level 10 in Conjurations
 66078 | Depths:3 | Noticed an ancient lich
 66086 | Depths:3 | Killed an ancient lich
 66210 | Depths:3 | Found a radiant altar of Vehumet.
 66282 | Depths:3 | Identified the +8 orcbow "Jirecow" {freeze, Will+ Int+3
                  | Dex+3}
 66417 | Depths:4 | Entered Level 4 of the Depths
 66427 | Depths:4 | Noticed a juggernaut
 66449 | Depths:4 | Reached XP level 24. HP: 221/221 MP: 31/39
 66461 | Depths:4 | Noticed a juggernaut
 66478 | Depths:4 | Killed a juggernaut
 66497 | Depths:4 | Killed a juggernaut
 67013 | Depths:4 | Noticed a juggernaut
 67020 | Depths:4 | Killed a juggernaut
 67038 | Depths:4 | Found a portal to a secret trove of treasure.
 67351 | Depths:4 | You paid a toll of a +5 demon whip to enter a treasure
                  | trove
 67352 | Trove    | Entered a treasure trove
 67362 | Trove    | Identified the amulet of Xuroonk {RegenMP Str+3}
 67864 | Depths:4 | Reached skill level 21 in Earth Magic
 67928 | Depths:4 | Got the Secrets of Vexing Blight
 67932 | Depths:4 | Found a gate to the Realm of Zot.
 69268 | D:10     | Bought the ring of Yryc Vuawa {Wiz +Blink rCorr} for 644
                  | gold pieces
 69416 | Slime:1  | Entered Level 1 of the Pits of Slime
 69519 | Slime:5  | Entered Level 5 of the Pits of Slime
 69988 | Slime:5  | Paralysed by a great orb of eyes for 5 turns
 70004 | Slime:5  | Noticed the Royal Jelly
 70021 | Slime:5  | Paralysed by a great orb of eyes for 3 turns
 70737 | Slime:5  | Found a viscous altar of Jiyva.
 70771 | Slime:5  | Killed the Royal Jelly
 71080 | Slime:5  | Identified the +9 dire flail of the Firefly {heavy, rPois}
 71134 | Slime:5  | Got a slimy rune of Zot
 71171 | Slime:5  | Identified the ring "Zoetepto" {rElec rF- Str+6 Int+6}
 71279 | Slime:5  | Identified the staff of Desertification {rF+ rN+ Str+2
                  | Necro}
 71573 | Slime:5  | Identified the staff "Qurikynae" {rPois rF++ rC+ MP+9 Str+4
                  | Poison}
 71959 | Slime:5  | Learned a level 5 spell: Irradiate
 72535 | Zot:1    | Entered Level 1 of the Realm of Zot
 73131 | Depths:4 | Reached skill level 22 in Earth Magic
 74215 | D:10     | Bought the ring of the Tortoise {AC+8} for 1664 gold pieces
 74215 | D:10     | Found the ring of the Tortoise {AC+8}
 74628 | Zot:1    | Reached XP level 25. HP: 226/226 MP: 41/41
 76095 | Zot:2    | Reached skill level 15 in Spellcasting
 76910 | Zot:2    | Noticed Grunn
 77574 | Zot:2    | Killed Grunn
 78414 | Zot:2    | Found a large runed translucent door.
 78414 | Zot:2    | Found a large runed translucent door.
 78419 | Zot:2    | Noticed Dommouf's ghost (veteran OgBe)
 78653 | Zot:3    | Noticed a Killer Klown
 78660 | Zot:3    | Reached skill level 23 in Earth Magic
 78766 | Zot:3    | Noticed a dread lich
 78774 | Zot:3    | Identified the ring of Feceewn {rElec rF+ Str+6 Int+6
                  | Dex-3}
 78802 | Zot:3    | Killed a dread lich
 78854 | Zot:3    | Killed a Killer Klown
 79054 | Zot:3    | Noticed an orb of fire
 79438 | Zot:2    | Killed Dommouf's ghost
 79886 | Zot:3    | Reached skill level 15 in Conjurations
 80343 | Zot:3    | Killed an orb of fire
 81937 | Zot:4    | Reached XP level 26. HP: 236/236 MP: 43/43
 81957 | Zot:4    | Identified the +9 short sword of Terra Cotta {heavy,
                  | Will++}
 82182 | Zot:4    | Reached skill level 24 in Earth Magic
 82331 | Zot:4    | Found the brooch of Shielding {Spirit SH+8}
 83073 | Zot:5    | Entered Level 5 of the Realm of Zot
 83325 | Zot:5    | Noticed an orb of fire
 83580 | Zot:5    | Noticed an orb of fire
 83590 | Zot:5    | Killed an ancient lich
 83665 | Zot:5    | Killed a dread lich
 83701 | Zot:5    | Killed an orb of fire
 83735 | Zot:5    | Noticed an orb of fire
 83743 | Zot:5    | HP: 14/346 [orb of fire/fireball (77)]
 83766 | Zot:5    | HP: 11/346 [orb of fire/fireball (18)]
 83785 | Zot:5    | Killed an orb of fire
 83844 | Zot:5    | Got the Orb of Zot
 83844 | Zot:5    | Noticed an ancient lich
 83865 | Zot:5    | Killed an ancient lich
 83904 | Zot:5    | Paralysed by a Zot trap for 5 turns
 84333 | D:14     | Noticed Nuceorhu the pandemonium lord
 84341 | D:14     | Killed Nuceorhu the pandemonium lord
 84730 | D:2      | Noticed Qurphy the pandemonium lord
 84868 | D:$      | Escaped with the Orb!

Illustrated notes

Levels and vault maps discovered:
D:1:      minmay_arrival_plants_in_alcoves, layout_loops_ring,
          basic_ecumenical_altar, serial_shops, nicolae_shop_tiny_waterfront
D:2:      layout_basic, basic_altar, chequers_garden
D:3:      layout_basic, nicolae_overflow_crystal_walls,
          ebering_ghost_disaster_area, uniq_terence
D:4:      layout_basic, nicolae_wu_jian_immortal_techniques, temple_doors_e,
          gammafunk_ghost_nasty_kobolds, minmay_cupped
D:5:      layout_basic, okawaru_gym_becter, nicolae_dithmenos_shadow_blocks,
          serial_shops, shop, uniq_duvessa
D:6:      wad_woods_stonehenge, layout_cave_pools, general_overflow_altar,
          mainiacjoe_overflow_six_doors_small, minitemple, serial_shops,
          nicolae_shop_crystal
D:7:      minmay_bubble_buster, layout_basic, elyvilon_altar_1,
          kennysheep_mini_moat, st_stairs_8, kennysheep_generic_room_3
D:8:      layout_loops_ring, nzn_hepliaklqana_mist_gate,
          mainiacjoe_overflow_paths, minivault_12
D:9:      layout_loops_ring, erik_orc_1, kennysheep_boxes
D:10:     minmay_klotski, layout_loops_ring, mainiacjoe_overflow_24_doors,
          marbit_many_paths, serial_shops,
          nicolae_shop_competitors_out_of_business, shop, shop,
          gammafunk_ghost_wrathful_warriors, uniq_josephine
D:11:     layout_stronghold, hellmonk_lair_entry_icy,
          hangedman_abyss_or_decor_lesser_grid
D:12:     cheibrodos_magma_flow, layout_loops_corners,
          ebering_ghost_inner_flame, hangedman_decor_push,
          minmay_unpleasant_kobolds
D:13:     layout_loops_ring
D:14:     layout_long_grid, lightli_vaults_fourway_checkpoint,
          dreamdust_princess_corridor, special_room [special_room_mythical_zoo],
          hellmonk_guarded_unrand_seven_league_boots
D:15:     grunt_enter_depths_hoard, layout_cave_pods, gammafunk_ghost_ooze,
          grunt_decor_mini_mirrors, gauntlet_entry_generic
Temple:   nicolae_temple_superstar
Lair:1:   layout_regular_city, chequers_serial_rivers_small_3, st_stairs_3,
          minmay_holes, lemuel_fruit_tree
Lair:2:   layout_cave_pods, dummy_snake_entry
Lair:3:   beast_lair_carwin_large_2, layout_cave_pods,
          nicolae_swamp_entry_spooky, chequers_serial_rivers_marsh,
          grunt_forest_stairs_basic, disabler_island
Lair:4:   layout_cave_pods, basic_altar, forest_entry_grove
Lair:5:   hangedman_lair_in_review, layout_concentric_octagons,
          guppyfry_lair_end_dragon, slime_entry_1, special_room
          [special_room_bee], columned_hall_lemuel, minivault_11,
          nicolae_quartered_pool_medium, dreamdust_deal_with_the_devil
Swamp:1:  layout_basic_swamp, evilmike_swamp_ruin_house_4, swamp_pool5
Swamp:2:  layout_falls_marsh, hangedman_swamp_ruin_wall, uniq_frances
Swamp:3:  layout_basic_swamp, nicolae_swamp_well_well_well
Swamp:4:  swamp_vile, layout_basic_swamp, swamp_pool3
Snake:1:  layout_layer_cave, serial_bayou_shore_b, uniq_jorgrun
Snake:2:  layout_honeycomb, basic_altar, grunt_megastairs_5, uniq_roxanne
Snake:3:  layout_chambers, portal_ice_cave_entry_pillars_1, serial_bayou_ford_a,
          serial_bayou_pond_b, minmay_shop_grove, serial_bayou_shore_b
Snake:4:  snake_hunt, layout_cave_shapes, grunt_megastairs_4, uniq_mlioglotl
Slime:1:  layout_caves, nicolae_slime_barrier
Slime:2:  layout_caves
Slime:3:  layout_caves, nicolae_slime_welcoming_committee
Slime:4:  layout_caves
Slime:5:  slime_pit_nicolae_amoeboid
Orc:1:    layout_diamond_mine
Orc:2:    hellmonk_orc_salted, layout_caves, basic_altar, serial_shops,
          bzr_entry_islet, uniq_azrael
Elf:1:    eino_elf_arrival_altar, layout_onion_city, serial_shops,
          nicolae_take_the_stairs, evilmike_minifort,
          nicolae_elf_elemental_lessons
Elf:2:    elven_hall_of_blades_hangedman_original
          [nicolae_vaults_blade_armed_guards], layout_gridlike, serial_shops,
          nicolae_shop_tiny_glass, minivault_5, grunt_ministairs_11, drop_trap,
          minivault_16
Elf:3:    minmay_elf_hall_not_hex, layout_loops_cross
Vaults:1: ebering_ghost_reflecting_pool, vaults_room_fours,
          nicolae_vaults_meiosis, ontoclasm_vaults_chip,
          nicolae_vaults_weapon_check, hangedman_vaults_stagger,
          hangedman_vaults_restitches, vaults_room_pools,
          vaults_room_guarded_vault, layout_vaults_omnigrid
Vaults:2: minmay_crypt_entry_necro_gods, nicolae_vaults_tetromino_Z_2,
          hangedman_vaults_variations, nicolae_vaults_disjoint_gnomons,
          nicolae_vaults_ellipses_ellipsis, nicolae_vaults_closet_pinwheel_1,
          v_misc_14, grunt_vaults_hallway_long, grunt_vaults_trifunnel,
          nicolae_vaults_alarming, layout_vaults_omnibox
Vaults:3: advil_vaults_ghost_guards, v_misc_18, nicolae_vaults_turnstiles,
          v_misc_10, nicolae_vaults_closet_pinwheel_5,
          nicolae_vaults_double_plus_2, nicolae_vaults_wrenched,
          nicolae_vaults_layer_cake_slice, vaults_room_hallway,
          layout_vaults_big_room
Vaults:4: v_alt_pattern_6, nicolae_vaults_house_2, nicolae_vaults_back_hallway,
          v_misc_29, hangedman_vaults_nodes, hangedman_vaults_river_flow,
          hangedman_vaults_corner, ontoclasm_vaults_ligature,
          hangedman_vaults_stitches, nicolae_vaults_little_ls,
          ontoclasm_vaults_shout, vaults_dpeg_encased_lava,
          ontoclasm_vaults_gateway, layout_vaults_maze_bifur
Vaults:5: uniq_bai_suzhen
Depths:1: layout_roguey, mu_enter_wizlab_4, abyss_entry_small_statue_room,
          grunt_hell_entry_dis_mu, gammafunk_ghost_tricky_traps,
          grunt_ministairs_13, nooodl_orcs_dogs
Depths:2: minmay_the_grid_square_5x5_5x5 [minmay_the_grid_square_5x5_fat_x,
          minmay_the_grid_square_5x5_two, minmay_the_grid_square_5x5_n,
          minmay_the_grid_square_5x5_pentomino_r, minmay_the_grid_square_5x5_v,
          minmay_the_grid_square_5x5_hourglass,
          minmay_the_grid_square_5x5_prize_monsterx,
          minmay_the_grid_square_5x5_doubleslash,
          minmay_the_grid_square_5x5_prize_junk,
          minmay_the_grid_square_5x5_misaligned,
          minmay_the_grid_square_5x5_six_small,
          minmay_the_grid_square_5x5_eight,
          minmay_the_grid_square_5x5_prize_open,
          minmay_the_grid_square_5x5_three_small,
          minmay_the_grid_square_5x5_dogpile,
          minmay_the_grid_square_5x5_inner_v,
          minmay_the_grid_square_5x5_prize_waves,
          minmay_the_grid_square_5x5_tetrominoes,
          minmay_the_grid_square_5x5_prize_rear_guard,
          minmay_the_grid_square_5x5_plus, minmay_the_grid_square_5x5_z,
          minmay_the_grid_square_5x5_checkered_sparse,
          minmay_the_grid_square_5x5_three,
          minmay_the_grid_square_5x5_beaten_path,
          minmay_the_grid_square_5x5_eight_small], layout_gridlike,
          enter_ziggurat_a, pan_entry, hangedman_coc_ice_floe,
          minmay_stone_trees_large, nicolae_lava_and_water, uniq_saint_roka
Depths:3: evilmike_halls_of_destruction, layout_gridville,
          minmay_splitting_lines, pf_hell_entry_tar_spiral, abyss_entry,
          minmay_staircase_windowed_small, serial_bayou_shore_b,
          minmay_shoptagon, uniq_frederick
Depths:4: evilmike_zot_entry_hall, layout_basic,
          amcnicky_mini_rare_corridor_liquid, hell_entry,
          hangedman_abyss_entry_splay, enter_trove_2, minmay_serpent_palace,
          serial_bayou_shore_a
Zot:1:    layout_basic
Zot:2:    lemuel_draconian_sentries_small, layout_misc_corridors,
          ebering_ghost_disaster_area, nicolae_zot_crop_circle, uniq_grunn
Zot:3:    layout_cathedral_of_symmetry, nzn_random_ring
Zot:4:    gammafunk_mikee_crab_dinner, layout_gridlike, st_stairs_9,
          zot_minivault_3
Zot:5:    layout_gridlike

Skill      XL: |  1  2  3  4  5  6  7  8  9 10 11 12 13 14 15 16 17 18 19 20 21 22 23 24 25 26 |
---------------+-------------------------------------------------------------------------------+-----
Dodging        | 2 3 4 5 6 7 8 9 |  9.1
Fighting       | 2 3 4 5 6 7 8 10 11 13 15 16 17 19 | 19.2
Unarmed Combat | 4 5 6 7 8 9 11 12 14 15 | 15.1
Shapeshifting  | 4 5 6 7 8 9 10 12 13 16 | 16.5
Stealth        | 2 4 6 7 8 9 10 | 10.3
Spellcasting   | 2 7 8 9 12 14 16 17 | 17.4
Evocations     | 6 8 |  8.0
Translocations | 7 |  7.0
Air Magic      | 1 |  1.2
Earth Magic    | 1 10 13 16 18 20 22 23 24 | 24.9
Necromancy     | 1 8 11 13 14 | 14.5
Transmutations | 2 8 11 12 | 12.1
Conjurations   | 6 10 13 15 16 | 16.7

Action                     |  1- 3 |  4- 6 |  7- 9 | 10-12 | 13-15 | 16-18 | 19-21 | 22-24 | 25-27 || total
---------------------------+-------+-------+-------+-------+-------+-------+-------+-------+-------++-------
  Melee: Unarmed           |   118 |   156 |   334 |   577 |  1128 |   858 |   974 |  1310 |   647 ||  6102
         Punch             |     2 |     3 |    13 |    42 |    52 |    71 |   110 |   161 |    97 ||   551
         Tailslap          |    10 |    23 |    47 |    95 |   225 |   143 |   193 |   256 |   161 ||  1153
         Bite              |       |       |     9 |    76 |   160 |    79 |   133 |   192 |   131 ||   780
   Cast: Blink             |       |       |       |       |       |     1 |       |       |       ||     1
         Wereblood         |       |       |       |       |       |       |    29 |     5 |       ||    34
         Borgnjor's Vile C |       |       |       |       |       |       |     2 |     4 |       ||     6
         Lee's Rapid Decon |       |       |       |       |       |       |       |    48 |    23 ||    71
         Stone Arrow       |       |       |       |       |       |       |       |     1 |       ||     1
         Leda's Unmaking   |       |       |       |       |       |       |       |    11 |     3 ||    14
         Irradiate         |       |       |       |       |       |       |       |     1 |     1 ||     2
 Invoke: Potion Petition   |       |       |       |     2 |     4 |     6 |     1 |     6 |     6 ||    25
         Call Merchant     |       |       |       |       |     1 |       |       |     1 |       ||     2
         Bribe Branch      |       |       |       |       |       |       |     1 |       |     2 ||     3
Ability: Begin Untransform |       |       |     1 |     1 |     7 |     1 |     1 |       |       ||    11
         Evoke Blink       |       |       |       |       |       |       |       |     2 |       ||     2
  Evoke: Wand              |       |       |     4 |     4 |    10 |    13 |     5 |    15 |    20 ||    71
         Tin of tremorston |       |       |       |     3 |     2 |     2 |       |     1 |       ||     8
         Lightning rod     |       |       |       |       |     3 |     3 |       |     5 |     6 ||    17
         Phial of floods   |       |       |       |       |       |       |       |     1 |       ||     1
    Use: Scroll            |     7 |     4 |     1 |    11 |    12 |    11 |     5 |    12 |    16 ||    79
         Potion            |     1 |     1 |     5 |     3 |     5 |     6 |     2 |    10 |    18 ||    51
   Stab: Sleeping          |       |       |     1 |    10 |    16 |    19 |    11 |    11 |     4 ||    72
         Distracted        |       |       |     4 |     1 |    16 |     9 |     7 |    17 |     4 ||    58
         Invisible         |       |       |       |       |     2 |     3 |       |       |       ||     5
         Paralysed         |       |       |       |       |       |       |       |       |     2 ||     2
 Armour: Skin              |    32 |    50 |   121 |   241 |   374 |   526 |   576 |   770 |   586 ||  3276
  Dodge: Dodged            |    50 |    81 |   187 |   432 |   748 |   371 |   425 |   563 |   347 ||  3204
  Block: Buckler           |       |       |       |       |   149 |       |       |       |       ||   149
         Other             |       |       |       |       |       |       |       |       |    79 ||    79
   Form: Beast             |       |       |     1 |       |     4 |       |       |       |       ||     5
         Blade             |       |       |       |     1 |     3 |       |       |       |       ||     4
         Dragon            |       |       |       |       |       |     1 |     1 |       |       ||     2

Table legend: (Time is in decaauts)
 A = Elapsed time spent in this place.
 B = Non-inter-level travel time spent in this place.
 C = Inter-level travel time spent in this place.
 D = Time resting spent in this place.
 E = Time spent auto-exploring this place.
 F = Levels seen in this place.
 G = Mean time per level.
                   A        B        C        D        E       F      G
               +--------+--------+--------+--------+--------+-----+--------+
         Total |  83614 |  75567 |   8047 |  24220 |  31162 |  59 | 1417.2 |
       Dungeon |  25046 |  20379 |   4667 |   5958 |   9045 |  15 | 1669.7 |
        Temple |    113 |     88 |     25 |      0 |      0 |   1 |  113.0 |
          Lair |   8906 |   8241 |    665 |   2735 |   3446 |   5 | 1781.2 |
         Swamp |   3393 |   3258 |    135 |   1056 |   1219 |   4 |  848.2 |
     Snake Pit |   6877 |   6374 |    503 |   2492 |   2732 |   4 | 1719.2 |
    Slime Pits |   2624 |   2615 |      9 |   1097 |    413 |   5 |  524.8 |
  Orcish Mines |   2010 |   1738 |    272 |    117 |   1108 |   2 | 1005.0 |
   Elven Halls |   5879 |   5562 |    317 |   2074 |   2028 |   3 | 1959.7 |
        Vaults |   7910 |   7629 |    281 |   1055 |   4385 |   5 | 1582.0 |
        Depths |  10292 |   9290 |   1002 |   2994 |   3936 |   4 | 2573.0 |
           Zot |   9767 |   9601 |    166 |   4459 |   2629 |   5 | 1953.4 |
         Abyss |    656 |    656 |      0 |    182 |    149 |   4 |  164.0 |
        Bazaar |     91 |     91 |      0 |      0 |     71 |   1 |   91.0 |
         Trove |     43 |     43 |      0 |      0 |      0 |   1 |   43.0 |
               +--------+--------+--------+--------+--------+-----+--------+

Top non-repeatable levels by time:
Depths:4: 3708 daAuts
   Zot:1: 3294 daAuts
  Lair:5: 2838 daAuts
     D:4: 2577 daAuts
Depths:3: 2486 daAuts
  Lair:3: 2482 daAuts
    D:10: 2298 daAuts
 Snake:3: 2281 daAuts
   Zot:3: 2280 daAuts
    D:11: 2259 daAuts
Depths:2: 2204 daAuts
   Elf:2: 2102 daAuts
   Elf:3: 1996 daAuts
Depths:1: 1892 daAuts
   Zot:4: 1856 daAuts
